 Dungeon Crawl Stone Soup version 0.29-a0-1023-g6ae1a4a2c7 (webtiles) character file.

Game seed: 7655940853082994692

128605 NatashaGaming the Spry (level 16, -15/81 HPs)
             Began as a Felid Summoner on Aug 11, 2022.
             Was an Initiate of Gozag.
             Killed from afar by a salamander tyrant (34 damage)
             ... with a flame surge
             ... on level 4 of the Snake Pit on Aug 12, 2022.
             The game lasted 03:20:43 (54978 turns).

NatashaGaming the Spry (Felid Summoner)            Turns: 54978, Time: 03:20:44

Health: -15/81     AC:  3    Str:  4    XL:     16   Next: 48%
Magic:  33/44      EV: 35    Int: 24    God:    Gozag
Gold:   3215       SH:  0    Dex: 17    Spells: 5/43 levels left
                                        Lives:  0   Deaths: 5

rFire   . . .      SeeInvis +   (weapon unavailable)
rCold   + . .      Faith    .   (shield unavailable)
rNeg    . . .      Spirit   .   (body armour unavailable)
rPois   .          Reflect  .   (helmet unavailable)
rElec   +          Harm     .   (cloak unavailable)
rCorr   .          Rampage  .   (gloves unavailable)
Will    ++...                   (boots unavailable)
Stlth   ++........              C - amulet of Day {+Blink rElec Regen+ MP+9}
HPRegen 1.03/turn               r - ring of wizardry
MPRegen 0.29/turn               z - +4 ring of evasion

@: lethally poisoned (-15 -> -15), weakened, studying Translocations, quick
A: very small, claws 1, fangs 3, see invisible, speed 1, shaggy fur 3, stealthy
paws, no weapons or thrown items, no armour, multi-lived
a: Renounce Religion, Evoke Blink, Potion Petition, Call Merchant, Bribe Branch


You were on level 4 of the Snake Pit.
You worshipped Gozag.
Gozag was most pleased with you.
You visited 5 branches of the dungeon, and saw 27 of its levels.
You also visited: Sewer.

You collected 11291 gold pieces.
You spent 3857 gold pieces at shops.
You paid 4219 gold pieces to Gozag.

Inventory:

Hand Weapons
 Q - a +0 spear
Jewellery
 c - a ring of flight
 g - a +4 ring of slaying
 o - a ring of positive energy
 r - a ring of wizardry (left paw)
 v - a ring of protection from cold
 z - a +4 ring of evasion (right paw)
 C - the amulet of Day (around neck) {+Blink rElec Regen+ MP+9}
   (You found it on level 11 of the Dungeon)

   [amulet of regeneration]

   rElec:     It insulates you from electricity.
   MP:        It affects your magic capacity (+9).
   +Blink:    It lets you blink.
   Regen:     It increases your rate of health regeneration.
 I - a ring of ice
 M - a ring of resist corrosion
 T - an amulet of guardian spirit
Wands
 y - a wand of flame (71)
 B - a wand of quicksilver (10)
 D - a wand of mindburst (18)
 F - a wand of paralysis (16)
 K - a wand of iceblast (14)
Scrolls
 e - 13 scrolls of poison
 f - 5 scrolls of magic mapping
 h - 3 scrolls of vulnerability
 i - 3 scrolls of enchant armour
 m - 9 scrolls of fear
 n - 3 scrolls of teleportation
 s - 7 scrolls of immolation
 t - 5 scrolls of enchant weapon
 G - 10 scrolls of fog
 H - 2 scrolls of silence
 J - 4 scrolls of amnesia
 L - a scroll of torment
 O - 2 scrolls of summoning
Potions
 a - a potion of magic
 b - 3 potions of invisibility
 d - 4 potions of mutation
 j - 13 potions of flight
 k - 4 potions of attraction
 l - 2 potions of cancellation
 p - 2 potions of ambrosia
 q - a potion of experience
 u - 3 potions of lignification
 w - a potion of might
 x - 2 potions of haste
 A - 9 potions of curing
 E - 4 potions of brilliance
 N - a potion of berserk rage
 R - 2 potions of resistance
 S - a potion of heal wounds
Miscellaneous
 P - a phial of floods


   Skills:
 - Level 15.0 Fighting
 - Level 19.0 Dodging
 - Level 2.6 Stealth
 + Level 14.0 Spellcasting
 + Level 3.3 Hexes
 + Level 16.4 Summonings
 * Level 8.5 Transmutations
 * Level 7.4 Air Magic
 - Level 6.0 Evocations


You had 5 spell levels left.
You knew the following spells:

 Your Spells              Type           Power      Damage    Failure   Level
a - Summon Small Mammal   Summ           100%       N/A       0%          1
b - Call Imp              Summ           77%        N/A       0%          2
c - Call Canine Familiar  Summ           77%        N/A       0%          3
d - Summon Guardian Gole  Hex/Summ       59%        N/A       1%          3
e - Summon Lightning Spi  Summ/Air       65%        N/A       1%          4
f - Storm Form            Tmut/Air       26%        N/A       41%         7
g - Swiftness             Air            51%        N/A       1%          3
h - Inner Flame           Hex/Fire       24%        N/A       2%          3
i - Passage of Golubria   Tloc           16%        N/A       14%         4
j - Tukima's Dance        Hex            32%        N/A       1%          3
k - Yara's Violent Unrav  Hex/Tmut       22%        3d10      3%          5

Your spell library contained the following spells:

 Spells                   Type           Power      Damage    Failure   Level
 Apportation              Tloc           32%        N/A       1%          1
 Beastly Appendage        Tmut           100%       N/A       1%          1
 Magic Dart               Conj           64%        1d6       1%          1
 Necrotise                Necr           64%        1d7       1%          1
 Sandblast                Erth           32%        2d9       1%          1
 Shock                    Conj/Air       100%       1d9       1%          1
 Sting                    Tmut/Pois      100%       1d8       1%          1
 Ensorcelled Hibernation  Hex/Ice        48%        N/A       1%          2
 Passwall                 Tmut/Erth      30%        N/A       1%          2
 Poisonous Vapours        Pois/Air       68%        N/A       1%          2
 Static Discharge         Conj/Air       34%        3-8/arc   1%          2
 Wereblood                Tmut           55%        N/A       1%          2
 Ignite Poison            Fire/Tmut/Pois 30%        N/A       1%          3
 Mephitic Cloud           Conj/Pois/Air  28%        N/A       1%          3
 Spider Form              Tmut/Pois      37%        N/A       1%          3
 Summon Ice Beast         Ice/Summ       54%        N/A       1%          4
 Blade Hands              Tmut           27%        N/A       1%          5
 Blink                    Tloc           32%        N/A       2%          2
 Scorch                   Fire           32%        2d6       2%          2
 Searing Ray              Conj           32%        2d5       2%          2
 Sublimation of Blood     Necr           16%        N/A       2%          2
 Dazzling Flash           Conj/Hex       48%        N/A       2%          3
 Ice Form                 Ice/Tmut       37%        N/A       2%          4
 Petrify                  Tmut/Erth      37%        N/A       2%          4
 Cause Fear               Hex            16%        N/A       3%          4
 Frozen Ramparts          Ice            32%        1d5       4%          3
 Gell's Gravitas          Tloc           16%        N/A       4%          3
 Lesser Beckoning         Tloc           16%        N/A       4%          3
 Stone Arrow              Conj/Erth      32%        3d9       4%          3
 Teleport Other           Tloc           16%        N/A       4%          3
 Vampiric Draining        Necr           16%        2d7       4%          3
 Silence                  Hex/Air        21%        N/A       4%          5
 Alistair's Intoxication  Tmut/Pois      24%        N/A       7%          5
 Irradiate                Conj/Tmut      18%        3d17      7%          5
 Anguish                  Hex/Necr       12%        N/A       8%          4
 Fulminant Prism          Conj/Hex       12%        3d9       8%          4
 Leda's Liquefaction      Hex/Erth       12%        N/A       8%          4
 Dispel Undead            Necr           16%        3d10      14%         4
 Iskenderun's Mystic Bla  Conj/Tloc      16%        2d5       14%         4
 Olgreb's Toxic Radiance  Pois           16%        N/A       14%         4
 Freezing Cloud           Conj/Ice/Air   14%        6-21      14%         5
 Metabolic Englaciation   Hex/Ice        12%        N/A       21%         5
 Agony                    Necr           16%        N/A       34%         5
 Manifold Assault         Tloc           16%        N/A       34%         5
 Dragon Form              Tmut           27%        N/A       32%         7
 Haunt                    Necr/Summ      27%        N/A       38%         7
 Dragon's Call            Summ           38%        N/A       83%         9
 Starburst                Conj/Fire      8%         6d4       88%         6
 Maxwell's Capacitive Co  Air            25%        ∞         98%         8
 Infestation              Necr           8%         N/A       100%        8
 Lehudib's Crystal Spear  Conj/Erth      8%         10d3      100%        8
 Portal Projectile        Hex/Tloc       Unusable   N/A       N/A         3
 Corpse Rot               Necr/Pois/Air  Unusable   N/A       N/A         4
 Animate Dead             Necr           Unusable   N/A       N/A         4
 Simulacrum               Ice/Necr       Unusable   N/A       N/A         6

Dungeon Overview and Level Annotations

Branches:
Dungeon (15/15) Temple (1/1) D:4 Lair (5/5) D:8 Swamp (0/4) Lair:2 Snake (4/4) Lair:3 Slime (0/5) Lair:4 Orc (2/2) D:12 Elf (0/3) Orc:2 Vaults (0/5) D:13 D:14 Depths (0/4) D:15 Sewer (visited)

Altars:
Ashenzari
Cheibriados
Dithmenos
Elyvilon
Fedhas
Gozag
Hepliaklqana
Kikubaaqudgha
Makhleb
Nemelex Xobeh
Okawaru
Qazlal
Ru
Sif Muna
Trog
Uskayaw
Vehumet
Wu Jian
Xom
Yredelemnul
Zin
The Shining One
Jiyva

Shops:
D:3 *   D:6 :   D:9 [   Orc:2 *?[(   Snake:1 ??!:

Annotations:
D:14 exclusion: obsidian statue
Snake:3 2 transporters, exclusion: orange crystal statue


Innate Abilities, Weirdness & Mutations

You have sharp claws.
You have razor-sharp teeth.
You have supernaturally acute eyesight. (SInv)
You cover ground quickly. (Speed+)
Your thick and shaggy fur keeps you warm. (AC +3, rC+)
Your paws help you pounce on unaware monsters.
You are incapable of wielding weapons or throwing items.
You cannot wear armour.
You gain extra lives every three experience levels.


Message History

Okay, then.
Unknown command.
Casting: Inner Flame (mildly dangerous; 2% risk of failure)
Confirm with . or Enter, or press ? or * to list all spells.
An electric hum fills the air.
Your warg barely misses the salamander tyrant.
The salamander tyrant hits your warg!
Your warg is engulfed in flames!!
Your warg dies!
Your warg's corpse disappears in a puff of smoke!
Casting: Summon Lightning Spire (safe; 1% risk of failure)
Confirm with . or Enter, or press ? or * to list all spells.
The nagaraja spits poison at you. The splash of poison hits you!
You are poisoned.
The salamander tyrant rends the earth beneath you!
The blast of magma engulfs you!!!
Ouch! That really hurt!
* * * LOW HITPOINT WARNING * * *
Casting: Call Canine Familiar (safe; 0% risk of failure)
Confirm with . or Enter, or press ? or * to list all spells.
A beastly little devil appears in a puff of flame.
You feel sick.
Your lightning spire shoots out a bolt of lightning at the salamander tyrant!
The bolt of electricity hits the salamander tyrant!
Why would you want to do that?
Unknown command.
Why would you want to do that?
Unknown command.
As you read the scroll of fear, it crumbles to dust.
You assume a fearsome visage.
The salamander tyrant looks frightened!
The nagaraja resists with almost no effort.
You feel sick.
Your lightning spire shoots out a bolt of lightning at the salamander tyrant!
The bolt of electricity hits the salamander tyrant!!
Your lightning spire's attack snaps the salamander tyrant out of its fear.
You swap places.
You feel sick.
The salamander tyrant calls gouts of flame from the lava!
The flame surge hits you!!
You die...
Your body crumbles into a pile of gold.

.##☼☼########.......#....#.....##
.NN###......#####...#....#...###
..##...........###..#....#.###
.##.............##..#....###
.#....######.)...#..#....#
##.).## ###...####....# #...##
#.h8.# #..... #...# ##≈≈.# #.....
...## #5@.# #....... .).# #)N.#
#......# ).)# ##...###.....#
.))#. ##.N.###.....# ...#...
##....##......#
...##....###$$..##.......#
#...#..N.......##........#
#...##........##.........#
##...###.....##.....#h...####


You could see a nagaraja (catching breath, ally target), a salamander tyrant
(ally target), a friendly warg (summoned), a friendly lightning spire (summoned)
and a friendly crimson imp (summoned).

Vanquished Creatures
  A naga warrior (Snake:4)
  A skeletal warrior (D:13)
  2 black mambas
  A guardian serpent (Snake:4)
  An efreet (D:15)
  A troll (D:8)
  2 humans (D:13)
  A centaur (D:9)
  2 bullfrogs
  A howler monkey (D:5)
  8 electric eels
  3 hounds
  3 adders
  A river rat (Sewer)
  An ufetubus (D:4)
  A worm (D:2)
  3 dart slugs
  9 orcs
  7 ball pythons
  4 endoplasms
  4 giant cockroaches
  3 hobgoblins (D:4)
  4 jackals
  A kobold (D:2)
  2 quokkas
  5 bats
  2 frilled lizards
  2 goblins
  2 rats
78 creatures vanquished.

Vanquished Creatures (collateral kills)
  6 nagarajas (Snake:4)
  The ghost of fly the Impaler, an adept MfGl of the Shining One (Snake:1)
  The ghost of Araneus the Basher, a journeyman DsFi of Qazlal (Lair:5)
  2 salamander tyrants
  8 hydras
  An ogre mage (Orc:2)
  A boulder beetle (D:15)
  3 centaur warriors
  Erica (Lair:1)
  10 two-headed ogres
  8 naga warriors
  A catoblepas (Lair:5)
  6 anacondas
  9 death yaks
  2 tengu warriors
  An orc high priest (Orc:1)
  Sonja (Orc:1)
  A shock serpent (Snake:1)
  3 naga sharpshooters
  2 salamander mystics (Snake:3)
  Amaemon (D:7)
  7 skeletal warriors
  2 deep trolls
  2 naga ritualists
  A wizard (D:13)
  8 ugly things
  An orc knight (Orc:2)
  9 mana vipers
  A deep elf pyromancer (D:15)
  An orc sorcerer (Orc:2)
  2 manticores
  9 salamanders
  4 cyclopes
  7 elephants
  5 guardian serpents
  10 naga magi
  An orange demon (D:8)
  30 black mambas
  An unseen horror zombie (D:7)
  7 cane toads
  An efreet (D:14)
  2 rime drakes
  7 komodo dragons
  2 tengu conjurers (D:15)
  11 trolls
  Grinder (D:5)
  A polar bear (Lair:3)
  A wolf spider simulacrum (D:14)
  A hornet (Lair:1)
  14 blink frogs
  10 slime creatures
  A tyrant leech (Lair:2)
  A shadow (D:11)
  7 fire bats (Lair:5)
  11 humans
  A wraith (D:10)
  2 vampires (D:13)
  3 wyverns
  28 yaks
  3 water elementals (D:10)
  3 vampire mosquitoes
  3 basilisks
  2 wargs
  24 nagas
  2 acid dragons
  11 water moccasins
  3 swamp drakes (D:15)
  4 ice beasts
  A black bear (Lair:3)
  8 orc warriors
  19 ogres
  2 wolves
  2 phantoms
  4 centaurs
  2 kobold brigands
  7 bullfrogs
  A gnoll sergeant (D:11)
  A necrophage (D:7)
  A scorpion (D:7)
  A wight (D:7)
  4 killer bees (D:9)
  7 howler monkeys
  A spectral centaur (D:7)
  A centaur zombie (D:7)
  Crazy Yiuf (D:5)
  10 orc priests
  3 gnoll boudas
  8 hounds
  3 jellies
  An iguana (D:6)
  Natasha (twice) (D:2)
  24 orc wizards
  2 hell rats (Lair:4)
  A centaur simulacrum (D:7)
  A mummy (D:11)
  7 adders
  20 gnolls
  6 river rats (Sewer)
  A nameless horror (D:8)
  5 worms
  2 dart slugs
  71 orcs
  2 ball pythons (D:1)
  2 endoplasms
  4 giant cockroaches (Sewer)
  A goblin (D:3)
  A hobgoblin (D:1)
  18 jackals
  6 quokkas
  9 bats
  17 kobolds
  2 rats (D:2)
629 creatures vanquished.

Vanquished Creatures (others)
  2 nagarajas
  A dire elephant (D:15)
  4 hydras
  Fannar (Lair:3)
  2 catoblepae (Lair:5)
  An ogre mage (Orc:2)
  2 boulder beetles (D:13)
  4 centaur warriors
  7 death yaks
  A tengu warrior (D:13)
  6 two-headed ogres
  4 naga warriors
  A death knight (D:13)
  2 shock serpents (Snake:3)
  6 naga sharpshooters
  A skeletal warrior (D:13)
  2 swamp dragons (D:15)
  4 naga ritualists
  An orc knight (D:14)
  7 mana vipers
  4 ugly things
  3 cyclopes
  2 manticores
  4 elephants
  2 gargoyles
  16 black mambas
  4 naga magi
  Joseph (D:7)
  A torpor snail (Lair:3)
  2 cane toads (Lair:3)
  A rime drake (Lair:2)
  3 komodo dragons
  A tengu conjurer (D:13)
  A polar bear (Lair:1)
  A troll (Orc:2)
  2 blink frogs
  A hornet (D:9)
  2 slime creatures
  A vampire (D:11)
  A shadow (D:13)
  A water elemental (D:10)
  16 yaks
  3 humans (D:14)
  A steam dragon (D:9)
  11 nagas
  Duvessa (D:5)
  2 water moccasins
  An acid dragon (D:8)
  6 orc warriors
  4 ogres
  A wolf (D:8)
  A wolf (shapeshifter) (D:13)
  4 centaurs
  A kobold brigand (D:3)
  A bullfrog (Lair:2)
  A scorpion (Lair:3)
  7 wights (D:7)
  Dowan (D:5)
  3 killer bees (D:9)
  An orc priest (D:12)
  A gnoll bouda (D:8)
  An orc wizard (Orc:2)
  3 hell rats (Lair:4)
  8 gnolls
  52 fungi
  63 plants
  18 withered plants (D:7)
325 creatures vanquished.

Grand Total: 1032 creatures vanquished

Notes
Turn   | Place    | Note
-------+----------+-------------------------------------------
     0 | D:1      | NatashaGaming the Felid Summoner began the quest for the
                  | Orb.
     0 | D:1      | Reached XP level 1. HP: 7/7 MP: 4/4
   902 | D:1      | Reached XP level 2. HP: 7/11 MP: 6/6
  1094 | D:1      | Learned a level 2 spell: Call Imp
  2148 | D:1      | Found a faded altar of an unknown god.
  2288 | D:1      | Prayed at the altar of an unknown god.
  2288 | D:1      | Became a worshipper of Elyvilon the Healer
  2288 | D:1      | Reached * piety under Elyvilon
  2613 | D:2      | Reached XP level 3. HP: 13/14 MP: 4/8
  2617 | D:2      | Learned a level 3 spell: Call Canine Familiar
  3104 | D:2      | Noticed Natasha
  3111 | D:2      | Killed Natasha
  3112 | D:2      | Reached XP level 4. HP: 18/18 MP: 3/9
  3260 | D:2      | Noticed Natasha
  3272 | D:2      | Killed Natasha
  3273 | D:2      | Reached skill level 5 in Summonings
  3660 | D:3      | Learned a level 3 spell: Summon Guardian Golem
  3779 | D:3      | Reached XP level 5. HP: 18/21 MP: 3/11
  3892 | D:3      | Reached skill level 3 in Dodging
  4094 | D:3      | Reached skill level 1 in Fighting
  4455 | D:3      | Found Antotaith's General Store.
  4563 | D:3      | Gained mutation: You are covered in thick fur. (AC +2)
                  | [Felid growth]
  4563 | D:3      | Reached XP level 6. HP: 24/25 MP: 3/12
  5205 | D:3      | HP: 1/25 [orc priest/divine providence (11)]
  5767 | D:3      | Reached skill level 4 in Dodging
  5772 | D:3      | Elyvilon protects you from harm!
  6188 | D:3      | Reached ** piety under Elyvilon
  6297 | D:3      | Reached XP level 7. HP: 19/30 MP: 3/14
  6699 | D:3      | Reached skill level 5 in Dodging
  7499 | D:4      | Learned a level 4 spell: Summon Lightning Spire
  7550 | D:4      | Got the Volume of Ensnaring Calefaction
  7723 | D:4      | Noticed a steam dragon
  7870 | D:4      | You fall into a shaft and drop 3 floors!
  7964 | D:7      | Reached skill level 5 in Spellcasting
  7970 | D:7      | Reached XP level 8. HP: 16/36 MP: 9/16
  8183 | D:7      | Reached skill level 6 in Dodging
  8445 | D:7      | Reached skill level 7 in Dodging
  8795 | D:7      | Reached skill level 5 in Fighting
  9105 | D:7      | Succumbed to a scorpion's poison
  9106 | D:7      | Reached XP level 7. HP: 0/33 MP: 15/17
  9132 | D:7      | Found the +4 dagger "Morg" {pain, Will+ Int+5}
  9191 | D:7      | Noticed Joseph
  9220 | D:7      | Killed Joseph
  9221 | D:7      | Reached XP level 8. HP: 37/37 MP: 5/18
  9458 | D:7      | Found a white marble altar of Elyvilon.
  9901 | D:7      | Reached *** piety under Elyvilon
 10263 | D:6      | Found a glowing drain.
 10267 | Sewer    | Entered a sewer
 10977 | Sewer    | Reached skill level 8 in Dodging
 11572 | D:5      | Entered Level 5 of the Dungeon
 11753 | D:5      | Reached XP level 9. HP: 9/41 MP: 4/20
 11926 | D:5      | Noticed Grinder
 11937 | D:5      | Killed Grinder
 12042 | D:5      | Reached **** piety under Elyvilon
 12046 | D:5      | Noticed Dowan
 12047 | D:5      | Noticed Duvessa
 12052 | D:5      | Killed Dowan
 12055 | D:5      | Killed Duvessa
 12309 | D:5      | Found a runed translucent door.
 12310 | D:5      | Noticed Crazy Yiuf
 12642 | D:5      | Killed Crazy Yiuf
 12643 | D:5      | Reached skill level 9 in Dodging
 12862 | D:4      | Found a staircase to the Ecumenical Temple.
 12871 | Temple   | Entered the Ecumenical Temple
 12922 | Temple   | Fell from the grace of Elyvilon
 12922 | Temple   | Became a worshipper of Gozag Ym Sagoz the Greedy
 13253 | D:6      | Identified a scroll of acquirement
 13256 | D:6      | Acquired 1252 gold pieces
 14616 | D:8      | Noticed Amaemon
 14619 | D:8      | Noticed an orange demon
 14621 | D:8      | Reached skill level 1 in Air Magic
 14628 | D:7      | HP: 2/42 [poisoned by Amaemon]
 14630 | D:7      | Succumbed to Amaemon's poison
 14631 | D:7      | Reached XP level 8. HP: 0/39 MP: 9/20
 14697 | D:7      | Killed Amaemon
 14698 | D:7      | Reached XP level 9. HP: 6/43 MP: 8/21
 14991 | D:7      | Reached skill level 10 in Dodging
 15043 | D:8      | Noticed a tengu warrior
 15067 | D:8      | Killed a tengu warrior
 15130 | D:8      | Found the +18 Lear's hauberk
 15389 | D:8      | Killed an orange demon
 15461 | D:8      | Identified the +10 dagger of Imminent Death {pain, rC+
                  | rN++}
 15479 | D:8      | Reached XP level 10. HP: 44/48 MP: 8/23
 16498 | D:8      | Reached skill level 11 in Dodging
 16563 | D:8      | HP: 1/48 [electric eel/bolt of electricity (11)]
 17658 | D:9      | Found Fayddapp's Armour Emporium.
 17957 | D:9      | Paralysed by a hornet for 3 turns
 17964 | D:9      | Engulfed by a steam dragon's steam
 17965 | D:9      | Reached XP level 9. HP: 2/44 MP: 22/22
 18282 | D:10     | Entered Level 10 of the Dungeon
 18306 | D:10     | Noticed a two-headed ogre
 18306 | D:10     | Noticed a two-headed ogre
 18339 | D:9      | Killed a two-headed ogre
 18510 | D:10     | Killed a two-headed ogre
 18526 | D:10     | Reached XP level 10. HP: 24/49 MP: 6/23
 18541 | D:10     | Noticed a two-headed ogre
 18562 | D:10     | Killed a two-headed ogre
 18776 | D:10     | Reached skill level 12 in Dodging
 19489 | D:10     | Got the Directory of Glacial Blasphemous Rituals
 19743 | D:11     | Noticed a two-headed ogre
 20298 | D:11     | Reached skill level 13 in Dodging
 20541 | D:11     | Reached skill level 10 in Fighting
 20541 | D:11     | Reached XP level 11. HP: 48/54 MP: 11/25
 20696 | D:11     | Killed a two-headed ogre
 20777 | D:11     | Found a snail-covered altar of Cheibriados.
 20864 | D:11     | Identified the amulet of Day {+Blink rElec Regen+ MP+9}
 21154 | D:8      | Found a staircase to the Lair.
 21210 | Lair:1   | Entered Level 1 of the Lair of Beasts
 21210 | Lair:1   | Noticed Erica
 21252 | D:8      | Reached skill level 1 in Evocations
 21661 | Lair:1   | Killed Erica
 22830 | Lair:1   | Reached skill level 14 in Dodging
 23243 | Lair:1   | Identified the +1 cloak "Axathis" {Int+6}
 24130 | Lair:2   | Reached skill level 10 in Spellcasting
 24146 | Lair:2   | Gained mutation: Your thick and shaggy fur keeps you warm.
                  | (AC +3, rC+) [Felid growth]
 24146 | Lair:2   | Reached XP level 12. HP: 60/60 MP: 18/27
 24302 | Lair:2   | Noticed a four-headed hydra
 24318 | Lair:2   | Killed a four-headed hydra
 24762 | Lair:2   | Found a staircase to the Swamp.
 25280 | Lair:3   | Noticed a five-headed hydra
 25423 | Lair:3   | Reached skill level 15 in Dodging
 25467 | Lair:3   | Noticed a death yak
 25470 | Lair:3   | Noticed a death yak
 25475 | Lair:3   | Noticed a death yak
 25484 | Lair:3   | Noticed a death yak
 25542 | Lair:3   | Killed a death yak
 25549 | Lair:3   | Killed a death yak
 25556 | Lair:3   | Killed a death yak
 25568 | Lair:3   | Killed a death yak
 25793 | Lair:3   | Noticed Fannar
 25810 | Lair:3   | Killed Fannar
 25898 | Lair:3   | Killed a five-headed hydra
 26388 | Lair:3   | Noticed a six-headed hydra
 26397 | Lair:3   | Killed a six-headed hydra
 26716 | Lair:3   | Got the Dissertation on the Congregation and Congelation
 26860 | Lair:3   | Reached skill level 16 in Dodging
 26897 | Lair:3   | Noticed an eight-headed hydra
 26908 | Lair:3   | Noticed a four-headed hydra
 26918 | Lair:3   | Killed an eight-headed hydra
 26919 | Lair:3   | Reached XP level 13. HP: 56/65 MP: 20/29
 27619 | Lair:3   | Found a staircase to the Snake Pit.
 27667 | Lair:3   | HP: 1/65 [themself] (23)]
 27668 | Lair:3   | Engulfed by their own flame
 27669 | Lair:3   | Reached XP level 12. HP: -26/61 MP: 27/37
 28028 | Lair:3   | Reached XP level 13. HP: 65/65 MP: 29/29
 29399 | Lair:4   | Found a viscous altar of Jiyva.
 29399 | Lair:4   | Found a staircase to the Slime Pits.
 29498 | Lair:4   | You fall into a shaft and drop 1 floor!
 29498 | Lair:5   | Entered Level 5 of the Lair of Beasts
 30709 | Lair:5   | Found a runed translucent door.
 30709 | Lair:5   | Noticed Araneus's ghost (journeyman DsFi)
 30901 | Lair:5   | Killed Araneus's ghost
 30902 | Lair:5   | Reached XP level 14. HP: 70/70 MP: 1/30
 31206 | Lair:5   | Reached skill level 17 in Dodging
 31633 | Lair:5   | Reached skill level 5 in Evocations
 32139 | Lair:5   | Identified the +6 trident of the Harvest {freeze, Will+}
 33627 | D:12     | Found a staircase to the Orcish Mines.
 34444 | Orc:1    | Entered Level 1 of the Orcish Mines
 34697 | Orc:1    | Noticed Sonja
 34720 | Orc:1    | Killed Sonja
 34965 | Orc:2    | Entered Level 2 of the Orcish Mines
 35751 | Orc:2    | Found a staircase to the Elven Halls.
 36484 | Orc:2    | Reached XP level 15. HP: 75/75 MP: 32/32
 36573 | Orc:2    | Found Yghewo's Antique Armour Shop.
 36574 | Orc:2    | Found Wusurham's Antique Weapon Shop.
 36589 | Orc:2    | Found Enitomuo's Magic Scroll Shoppe.
 36602 | Orc:2    | Found Xanoakhe's General Store.
 36605 | Orc:2    | Bought a scroll of identify for 36 gold pieces
 36611 | Orc:2    | Bought a scroll of identify for 30 gold pieces
 36799 | Orc:2    | Got Vadaga's Sorcery in Simple Steps
 37744 | D:13     | Reached skill level 18 in Dodging
 38983 | D:14     | Found a gate to the Vaults.
 39659 | D:13     | Reached skill level 15 in Summonings
 40816 | D:14     | Learned a level 7 spell: Storm Form
 41245 | D:14     | Found a radiant altar of Vehumet.
 41915 | D:15     | Entered Level 15 of the Dungeon
 42062 | D:15     | Reached skill level 1 in Transmutations
 42842 | D:15     | Got the Grimoire of Cursed Breath
 43025 | D:15     | Found a staircase to the Depths.
 43372 | Snake:1  | Entered Level 1 of the Snake Pit
 43635 | Snake:1  | Bought a book of Transfigurations for 520 gold pieces
 44104 | Snake:1  | Reached XP level 16. HP: 61/80 MP: 33/34
 44892 | Snake:1  | Found a runed translucent door.
 44893 | Snake:1  | Noticed fly's ghost (adept MfGl)
 45396 | Snake:1  | Killed fly's ghost
 45426 | Snake:1  | Learned a level 3 spell: Swiftness
 45763 | Snake:1  | Bought a scroll of fog for 52 gold pieces
 45763 | Snake:1  | Bought 3 scrolls of fear for 156 gold pieces
 45763 | Snake:1  | Bought a scroll of blinking for 97 gold pieces
 45763 | Snake:1  | Bought a scroll of fear for 52 gold pieces
 45765 | Snake:1  | Bought a potion of resistance for 190 gold pieces
 45765 | Snake:1  | Bought 2 potions of curing for 114 gold pieces
 45765 | Snake:1  | Bought a potion of heal wounds for 95 gold pieces
 45767 | Snake:1  | Bought a scroll of teleportation for 45 gold pieces
 46286 | Snake:1  | Succumbed to a black mamba's poison
 46287 | Snake:1  | Reached XP level 15. HP: -1/76 MP: 20/42
 47198 | Snake:2  | Noticed a nagaraja
 47228 | Snake:2  | Killed a nagaraja
 47229 | Snake:2  | Reached skill level 5 in Transmutations
 47448 | Snake:2  | Reached skill level 19 in Dodging
 47814 | Snake:2  | Reached skill level 5 in Air Magic
 48767 | Snake:3  | Found a transporter.
 48924 | Snake:3  | Reached skill level 15 in Fighting
 49126 | Snake:3  | Found a transporter.
 50410 | Snake:4  | Entered Level 4 of the Snake Pit
 51294 | Snake:3  | Learned a level 3 spell: Inner Flame
 51310 | Snake:4  | Reached XP level 16. HP: 65/81 MP: 29/34
 51886 | Snake:4  | HP: 3/81 [naga sharpshooter/bolt (36)]
 52529 | Snake:1  | Bought Great Wizards, Vol. VII for 390 gold pieces
 52529 | Snake:1  | Bought a book of the Moon for 520 gold pieces
 52534 | Snake:1  | Learned a level 4 spell: Passage of Golubria
 52538 | Snake:1  | Learned a level 3 spell: Tukima's Dance
 52544 | Snake:1  | Learned a level 5 spell: Yara's Violent Unravelling
 52847 | D:6      | Bought a manual of Translocations for 960 gold pieces
 52847 | D:6      | Bought a book of Spatial Translocations for 312 gold pieces
 52847 | D:6      | Bought a book of Dreams for 288 gold pieces
 53223 | Snake:4  | Reached skill level 1 in Hexes
 54978 | Snake:4  | Killed from afar by a salamander tyrant

Illustrated notes

Levels and vault maps discovered:
D:1:      kilobyte_arrival_exit_the_forest, layout_rooms,
          hellmonk_ecumenical_altar_crossroads
D:2:      layout_rooms, minmay_box_of_dots, uniq_natasha
D:3:      lemuel_castle_with_subvaults [lemuel_castle_interior_carwin_2],
          layout_loops_ring, serial_shops, shop, minmay_misc_feat_rows
D:4:      layout_basic, temple_hall
D:5:      layout_basic, uniq_grinder, uniq_duvessa, uniq_crazy_yiuf_cottage
D:6:      layout_loops_corners, gup_sewer_entry_bowl, palyth_stone_intersect,
          kennysheep_generic_room_6
D:7:      layout_layer_cave, kennysheep_mini, dilly_guarded_unrand_morg,
          uniq_joseph
D:8:      layout_basic, erik_lair_island, minivault_5,
          hellmonk_guarded_unrand_lears, uniq_amaemon
D:9:      layout_rooms, serial_shops, kennysheep_mini_moat,
          hangedman_decor_clover_reticule
D:10:     layout_small_grid, nicolae_underground_beach
D:11:     layout_cave_pools, slow_altar_2
D:12:     layout_loops_ring, david_orc_4, serial_rivers,
          chequers_serial_rivers_room_b, chequers_serial_rivers_small_a,
          chequers_serial_rivers_micro_b, chequers_serial_rivers_micro_e,
          chequers_serial_rivers_micro_d, chequers_serial_rivers_large_a
D:13:     layout_loops_ring
D:14:     layout_cave_pools, david_vaults_3, fiery_altar_vehumet,
          minmay_statue_bubble
D:15:     hangedman_depths_entry_try_elsewhere_first, layout_rooms,
          hangedman_decor_push, pond
Temple:   grunt_wide_crystal_templ
Lair:1:   layout_layer_cave, cheibrodos_lair_reptile_den, uniq_erica
Lair:2:   layout_small_grid, minmay_swamp_entry_worms
Lair:3:   nzn_winding_woodlands_stair_cross
          [nzn_winding_woodlands_5x15_longhouse,
          nzn_winding_woodlands_center_diamonds,
          nzn_winding_woodlands_5x15_sawtooth,
          nzn_winding_woodlands_5x5_perimeter,
          nzn_winding_woodlands_5x5_default, nzn_winding_woodlands_5x15_crooked,
          nzn_winding_woodlands_center_lodge, nzn_winding_woodlands_5x15_twine],
          layout_regular_city, minmay_snake_entry_guardpost_medium,
          infiniplex_staircase_pool, uniq_fannar
Lair:4:   layout_regular_city, dpeg_slime_entry_enclosed, serial_bayou_shore_b,
          grunt_megastairs_4, serial_bayou_shore_a
Lair:5:   evilmike_catoblepas_cave, layout_gridlike,
          hellmonk_ghost_happy_afterlife, st_stairs_11, ldierk_geyser,
          lemuel_fruit_tree, serial_bayou_shore_b
Snake:1:  layout_concentric_octagons, ebering_ghost_inner_flame, st_stairs_2
Snake:2:  layout_chambers, nicolae_triple_integral, grunt_megastairs_3
Snake:3:  gammafunk_sealed_arena, layout_cave_town, drop_trap
Snake:4:  grunt_snake_rune_spirals, layout_onion, serial_bayou_shore_b
Orc:1:    layout_caves, serial_shops, uniq_sonja
Orc:2:    st_orc_open, layout_diamond_mine, guppyfry_library_mini

Skill      XL: |  1  2  3  4  5  6  7  8  9 10 11 12 13 14 15 16 |
---------------+-------------------------------------------------+-----
Spellcasting   | 3 4 5 6 8 9 10 11 12 13 14 | 14.0
Summonings     | 5 6 8 9 11 12 14 16 | 16.4
Dodging        | 3 4 5 8 10 13 14 16 17 19 | 19.0
Fighting       | 1 2 3 7 6 10 11 12 13 15 | 15.0
Air Magic      | 1 6 7 |  7.4
Evocations     | 4 5 6 |  6.0
Transmutations | 7 8 |  8.5
Hexes          | 3 |  3.3
Stealth        | |  2.6

Action                   |  1- 3 |  4- 6 |  7- 9 | 10-12 | 13-15 | 16-18 || total
-------------------------+-------+-------+-------+-------+-------+-------++-------
Melee: Unarmed           |    58 |   119 |   272 |    45 |   343 |    36 ||   873
       Bite              |     8 |    21 |    38 |     6 |    60 |     4 ||   137
       Punch             |     1 |     2 |     3 |       |    11 |     2 ||    19
 Cast: Summon Small Mamm |    23 |    29 |   111 |   109 |   308 |    84 ||   664
       Call Imp          |     4 |       |    13 |    61 |   197 |    57 ||   332
       Call Canine Famil |     4 |    23 |    52 |    85 |   224 |    61 ||   449
       Summon Guardian G |       |    14 |    42 |    76 |   259 |    65 ||   456
       Summon Lightning  |       |       |    31 |    94 |   226 |    64 ||   415
       Swiftness         |       |       |       |       |     2 |       ||     2
       Tukima's Dance    |       |       |       |       |       |    15 ||    15
       Inner Flame       |       |       |       |       |       |    11 ||    11
       Passage of Golubr |       |       |       |       |       |     6 ||     6
       Yara's Violent Un |       |       |       |       |       |     2 ||     2
Invok: Call Merchant     |       |       |     1 |       |     1 |     3 ||     5
 Abil: Evoke Blink       |       |       |       |       |     2 |     1 ||     3
Evoke: Wand              |       |       |       |     7 |     7 |       ||    14
  Use: Scroll            |     4 |       |    10 |     4 |    15 |     2 ||    35
       Potion            |       |       |     2 |     3 |     1 |       ||     6
 Stab: Sleeping          |     5 |     2 |     7 |       |     2 |       ||    16
       Distracted        |     1 |     1 |     3 |     2 |     6 |     2 ||    15
       Betrayed ally     |       |       |       |       |     1 |       ||     1
Armor: Skin              |     5 |     7 |    26 |     1 |    26 |     2 ||    67
Dodge: Dodged            |    76 |   119 |   395 |   200 |   967 |   189 ||  1946

Table legend: (Time is in decaauts)
 A = Elapsed time spent in this place.
 B = Non-inter-level travel time spent in this place.
 C = Inter-level travel time spent in this place.
 D = Time resting spent in this place.
 E = Time spent auto-exploring this place.
 F = Levels seen in this place.
 G = Mean time per level.
                   A        B        C        D        E       F      G
               +--------+--------+--------+--------+--------+-----+--------+
         Total |  50308 |  48516 |   1792 |   7848 |  26920 |  28 | 1796.7 |
       Dungeon |  25884 |  25025 |    859 |   4449 |  14199 |  15 | 1725.6 |
        Temple |     49 |     49 |      0 |      0 |     25 |   1 |   49.0 |
          Lair |  10600 |  10130 |    470 |    470 |   6979 |   5 | 2120.0 |
     Snake Pit |   9933 |   9472 |    461 |   2504 |   3615 |   4 | 2483.2 |
  Orcish Mines |   2665 |   2665 |      0 |    339 |   1422 |   2 | 1332.5 |
         Sewer |   1175 |   1175 |      0 |     84 |    678 |   1 | 1175.0 |
               +--------+--------+--------+--------+--------+-----+--------+

Top non-repeatable levels by time:
  Lair:3: 2864 daAuts
 Snake:4: 2837 daAuts
     D:3: 2802 daAuts
     D:8: 2656 daAuts
 Snake:2: 2649 daAuts
     D:7: 2647 daAuts
  Lair:5: 2537 daAuts
    D:13: 2534 daAuts
 Snake:3: 2504 daAuts
     D:1: 2337 daAuts
 Snake:1: 1942 daAuts
  Lair:1: 1932 daAuts
  Lair:2: 1775 daAuts
    D:12: 1755 daAuts
     D:2: 1646 daAuts
